 Dungeon Crawl Stone Soup version 0.21-a0-591-g2314aa1 (webtiles) character file.

12013 Gerstahl the Nimble (level 11, 0/139 HPs)
             Began as a Demonspawn Gladiator on Dec 22, 2017.
             Was a Believer of Dithmenos.
             Succumbed to Sonja's poison
             ... on level 12 of the Dungeon.
             The game lasted 00:28:23 (10853 turns).

Gerstahl the Nimble (Demonspawn Gladiator)         Turns: 10853, Time: 00:28:23

Health: 0/139      AC: 25    Str: 18    XL:     11   Next: 56%
Magic:  20/20      EV:  2    Int:  9    God:    Dithmenos [**....]
Gold:   690        SH:  0    Dex: 15    Spells: 10/10 levels left

rFire    + . .     SeeInvis +   u - +4 great sword (freeze)
rCold    + . .     Gourm    .   (shield currently unavailable)
rNeg     + + +     Faith    .   (armour currently unavailable)
rPois    +         Spirit   .   (helmet currently unavailable)
rElec    +         Reflect  .   (cloak currently unavailable)
rCorr    +         Harm     .   (gloves currently unavailable)
MR       .....     NoTele   +   (boots currently unavailable)
Stlth    ++........             A - amulet of regeneration
HPRegen  0.73/turn              o - ring of magical power
MPRegen  0.17/turn              v - ring of loudness (curse)

@: lethally poisoned (0 -> -2), tree-form, resistant, berserk cooldown, slowed,
wreathed by umbra, very slow
A: rugged brown scales 2, see invisible, demonic guardian 1, deterioration 1,
nightstalker 1
a: Shadow Step, Renounce Religion


You were on level 12 of the Dungeon.
You worshipped Dithmenos.
Dithmenos was pleased with you.
You were not hungry.
You were a tree.
You visited 2 branches of the dungeon, and saw 13 of its levels.

You collected 690 gold pieces.

Inventory:

Hand Weapons
 a - a +0 long sword
 u - a +4 great sword of freezing (weapon)
Armour
 b - a +0 leather armour
 c - a +0 helmet
 e - a +4 ring mail of magic resistance
 k - a +0 ring mail
 w - a +1 helmet
 F - the +2 ring mail of Spite (melded) {Dex+3}
   (You found it on level 8 of the Dungeon)

   It affects your dexterity (+3).
 H - a +2 cloak of magic resistance (melded)
Jewellery
 o - a ring of magical power (left branch)
 v - a cursed ring of loudness (right branch)
 A - an amulet of regeneration (around neck)
 B - an uncursed ring of fire {unknown}
 P - an uncursed ring of positive energy {unknown}
 R - an uncursed amulet of rage {unknown}
Wands
 d - a wand of disintegration (6)
 h - a wand of paralysis (13)
 y - a wand of digging (16)
 C - a wand of acid (19)
 G - a wand of flame (31)
 J - a wand of random effects (24)
 L - a wand of iceblast (11)
Scrolls
 g - a scroll of enchant armour
 i - 8 scrolls of identify
 l - 4 scrolls of amnesia {unknown}
 p - 5 scrolls of remove curse {unknown}
 q - 2 scrolls of fear {unknown}
 r - 6 scrolls of teleportation {unknown}
 D - a scroll of noise {unknown}
 I - a scroll of immolation {unknown}
 M - 5 scrolls of blinking {unknown}
 N - 2 scrolls of enchant weapon {unknown}
 Q - a scroll of magic mapping {unknown}
Potions
 j - a potion of resistance
 m - 2 potions of flight
 n - 3 potions of brilliance
 z - 2 potions of berserk rage
Books
 t - a book of Conjurations

   Spells                             Type                      Level
   a - Magic Dart                     Conjuration                  1
   b - Searing Ray                    Conjuration                  2
   c - Dazzling Spray                 Conjuration/Hexes            3
   d - Fulminant Prism                Conjuration/Hexes            4
   e - Force Lance                    Conjuration/Translocation    4
   f - Iskenderun's Mystic Blast      Conjuration                  4
 x - a book of Maledictions

   Spells                             Type                      Level
   a - Corona                         Hexes                        1
   b - Ensorcelled Hibernation        Hexes/Ice                    2
   c - Confuse                        Hexes                        3
   d - Tukima's Dance                 Hexes                        3
   e - Dazzling Spray                 Conjuration/Hexes            3
 E - a book of Frost

   Spells                             Type                      Level
   a - Freeze                         Ice                          1
   b - Throw Frost                    Conjuration/Ice              2
   c - Ozocubu's Armour               Charms/Ice                   3
   d - Throw Icicle                   Conjuration/Ice              4
   e - Summon Ice Beast               Ice/Summoning                4
Comestibles
 f - 25 rations
 O - 2 chunks of flesh


   Skills:
 - Level 9.4 Fighting
 - Level 8.0 Long Blades
 - Level 1.7 Throwing
 + Level 9.1 Armour
 + Level 9.6 Dodging


You had 10 spell levels left.
You didn't know any spells.

Dungeon Overview and Level Annotations

Branches:
Dungeon (12/15)            Temple (1/1) D:7            Lair (0/6) D:8
    Orc: D:9-12

Altars:
Ashenzari
Cheibriados
Dithmenos
Elyvilon
Fedhas
Gozag
Hepliaklqana
Kikubaaqudgha
Makhleb
Nemelex Xobeh
Okawaru
Qazlal
Ru
Sif Muna
Trog
Uskayaw
Vehumet
Wu Jian
Xom
Yredelemnul
Zin
The Shining One

Shops:
D:4 =}(   D:12 (


Innate Abilities, Weirdness & Mutations

((You have sharp fingernails.))
(You are mostly covered in rugged brown scales. (AC +2, +5% HP))
A weak demonic guardian rushes to your aid.
You are slightly more attuned to the shadows.
You have supernaturally acute eyesight. (SInv)
Your body sometimes deteriorates upon taking damage.


Message History

You feel less resistant to hostile enchantments.
Your roots penetrate the ground.
* * * LOW HITPOINT WARNING * * *
You feel sick.
The big kobold hits you but does no damage. x2
You are lethally poisoned (2 -> -2).
You are a tree.
You resist elements.
You are slowed.
You are wreathed by an umbra.
Your movement speed is very slow.
Your attack speed is very slow.
Okay, then.
Okay, then.
As you read the scroll labeled FEHOCAA WELLA, it crumbles to dust.
It is a scroll of enchant armour.
Really abort (and waste the scroll)?
Your +1 cloak of magic resistance glows green for a moment.
* * * LOW HITPOINT WARNING * * *
You feel sick.
The big kobold hits you but does no damage.
You slash the big kobold! You freeze the big kobold.
The big kobold is almost dead.
You die...

###.##.#<..#.#.#.#
#......#####.#.#.#
#..........#.#.#.#
#..........#.#.#.#
###........#...#.#
..#########.∩.######.###
..K5..KK.........>.....#
...####K###...##########
####♣####### #...(...#
#.......# #.......#
#.......# #..!....#
#.......# #..$....#
#.......#


You could see a big kobold and 2 kobolds.

Vanquished Creatures
  A hydra (D:11)
  Erica (D:8)
  Sonja (D:12)
  An unseen horror (D:11)
  Pikel (D:9)
  Maurice (D:9)
  A centaur skeleton (D:11)
  A kobold demonologist (D:11)
  Grinder (D:6)
  Prince Ribbit (D:8)
  A shadow (D:11)
  A wraith (D:12)
  6 yaks
  5 hungry ghosts
  A water moccasin (D:11)
  Duvessa (D:6)
  5 ice beasts
  3 sky beasts
  2 black bears
  A necrophage (D:10)
  A slave (D:9)
  3 phantoms
  3 ogres
  A big kobold (D:8)
  6 bullfrogs
  Dowan (D:6)
  A wyvern skeleton (D:11)
  3 scorpions
  19 killer bees
  4 wights
  5 howler monkeys
  5 crimson imps
  2 bullfrog zombies
  A centaur zombie (D:11)
  A quasit (D:7)
  7 hounds
  6 jellies
  8 orc priests
  A gnoll shaman (D:4)
  8 orc wizards
  4 bullfrog skeletons
  7 worker ants
  Ijyb (D:5)
  An iguana (D:4)
  Terence (D:2)
  A killer bee zombie (D:10)
  A hound skeleton (D:4)
  A howler monkey zombie (D:7)
  A howler monkey skeleton (D:5)
  6 gnolls
  14 adders
  5 shadow imps
  An adder zombie (D:7)
  2 adder skeletons
  5 worms
  5 dart slugs
  5 leopard geckos
  26 orcs
  11 bats
  6 giant cockroaches
  8 goblins
  6 hobgoblins
  19 jackals
  A quokka (D:4)
  2 ball pythons
  9 frilled lizards
  6 kobolds
  A leopard gecko zombie (D:7)
  2 quokka skeletons
  5 rats
285 creatures vanquished.

Vanquished Creatures (collateral kills)
  A troll (D:10)
  A yak (D:9)
  An orc warrior (D:6)
  3 ogres
  A slave (D:9)
  A scorpion (D:5)
  A killer bee (D:7)
  2 wights
  A howler monkey (D:8)
  A crimson imp (D:6)
  A hound (D:5)
  An orc priest (D:6)
  An orc wizard (D:8)
  A worm (D:6)
  A quokka (D:6)
  A frilled lizard (D:5)
  A leopard gecko zombie (D:4)
20 creatures vanquished.

Vanquished Creatures (others)
  A slave (D:9)
  A bullfrog zombie (D:9)
  A bullfrog skeleton (D:9)
3 creatures vanquished.

Grand Total: 308 creatures vanquished

Notes
Turn   | Place    | Note
-------+----------+-------------------------------------------
     0 | D:1      | Gerstahl the Demonspawn Gladiator began the quest for the Orb.
     0 | D:1      | Reached XP level 1. HP: 16/16 MP: 1/1
   137 | D:1      | Gained mutation: You have sharp fingernails. [demonic ancestry]
   137 | D:1      | Reached XP level 2. HP: 17/23 MP: 2/2
   538 | D:1      | Gained mutation: You are partially covered in rugged brown scales. (AC +1, +3% HP) [demonic ancestry]
   538 | D:1      | Reached XP level 3. HP: 18/28 MP: 3/3
  1236 | D:2      | Reached XP level 4. HP: 32/36 MP: 4/4
  1321 | D:2      | Noticed Terence
  1334 | D:2      | Killed Terence
  1996 | D:3      | Gained mutation: A weak demonic guardian rushes to your aid. [demonic ancestry]
  1996 | D:3      | Reached XP level 5. HP: 40/43 MP: 5/5
  2306 | D:3      | Found a hide-covered altar of Uskayaw.
  2443 | D:4      | Reached XP level 6. HP: 4/50 MP: 6/6
  3118 | D:4      | Reached skill level 5 in Fighting
  3118 | D:4      | Reached skill level 5 in Long Blades
  3123 | D:4      | Found Nefia's Gadget Shoppe.
  3378 | D:4      | Found Zyvyll's Antique Weapon Emporium.
  3391 | D:4      | Reached XP level 7. HP: 46/57 MP: 7/7
  3780 | D:4      | Found Gume's Jewellery Boutique.
  4099 | D:5      | Entered Level 5 of the Dungeon
  4128 | D:5      | Noticed Ijyb
  4163 | D:5      | HP: 3/60 [disintegration (20)]
  4172 | D:5      | Gained mutation: Your mind is acute. (Int +2) [potion of mutation]
  4172 | D:5      | Gained mutation: Scrolls take you a little longer to read. [potion of mutation]
  4172 | D:5      | Gained mutation: You have a pair of small horns on your head. [potion of mutation]
  4183 | D:5      | Killed Ijyb
  4587 | D:5      | Reached XP level 8. HP: 59/66 MP: 8/8
  4938 | D:6      | Lost mutation: Scrolls take you a little longer to read. [potion of mutation]
  4938 | D:6      | Lost mutation: You have a pair of small horns on your head. [potion of mutation]
  4938 | D:6      | Lost mutation: Your mind is acute. (Int +2) [potion of mutation]
  4938 | D:6      | Gained mutation: You are mostly covered in rugged brown scales. (AC +2, +5% HP) [potion of mutation]
  4938 | D:6      | Gained mutation: You have a pair of small antennae on your head. [potion of mutation]
  4938 | D:6      | Gained mutation: You are somewhat resistant to further mutation. [potion of mutation]
  4939 | D:6      | Lost mutation: You have a pair of small antennae on your head. [potion of mutation]
  4939 | D:6      | Lost mutation: You are somewhat resistant to further mutation. [potion of mutation]
  4939 | D:6      | Lost mutation: You are mostly covered in rugged brown scales. (AC +2, +5% HP) [potion of mutation]
  4939 | D:6      | Gained mutation: Your flesh is heat resistant. (rF+) [potion of mutation]
  4939 | D:6      | Gained mutation: You are somewhat resistant to further mutation. [potion of mutation]
  4995 | D:6      | Lost mutation: You are somewhat resistant to further mutation. [potion of mutation]
  4995 | D:6      | Lost mutation: Your flesh is heat resistant. (rF+) [potion of mutation]
  4995 | D:6      | Gained mutation: Your body sometimes deteriorates upon taking damage. [potion of mutation]
  4995 | D:6      | Gained mutation: You have supernaturally acute eyesight. (SInv) [potion of mutation]
  5399 | D:6      | Noticed Grinder
  5423 | D:6      | Killed Grinder
  5910 | D:7      | Noticed Duvessa
  5910 | D:7      | Noticed Dowan
  5943 | D:6      | Killed Duvessa
  5951 | D:6      | Reached skill level 1 in Armour
  5951 | D:6      | Reached XP level 9. HP: 5/77 MP: 9/9
  5986 | D:6      | Killed Dowan
  6351 | D:7      | Found an iron altar of Okawaru.
  6421 | D:7      | Found a staircase to the Ecumenical Temple.
  6477 | Temple   | Entered the Ecumenical Temple
  7534 | D:8      | Noticed Erica
  7539 | D:8      | Killed Erica
  7718 | D:8      | Reached skill level 5 in Dodging
  7842 | D:8      | Gained mutation: You are mostly covered in rugged brown scales. (AC +2, +5% HP) [demonic ancestry]
  7842 | D:8      | Reached XP level 10. HP: 57/87 MP: 10/10
  7944 | D:8      | Found a staircase to the Lair.
  8019 | D:8      | Got a steaming ring mail
  8020 | D:8      | Identified the +2 ring mail of Spite {Dex+3} (You found it on level 8 of the Dungeon)
  8232 | D:8      | Noticed Prince Ribbit
  8240 | D:8      | Reached skill level 5 in Armour
  8243 | D:8      | Killed Prince Ribbit
  8356 | D:8      | Found a white marble altar of Elyvilon.
  8356 | D:8      | Found a glowing golden altar of the Shining One.
  8357 | D:8      | Found a glowing silver altar of Zin.
  8673 | D:9      | Noticed Pikel
  8686 | D:9      | Killed Pikel
  8862 | D:9      | Noticed Maurice
  8872 | D:9      | Killed Maurice
  9418 | D:9      | Found a shadowy altar of Dithmenos.
  9422 | D:9      | Became a worshipper of Dithmenos the Shadowed
  9510 | D:10     | Entered Level 10 of the Dungeon
  9528 | D:10     | Found a snail-covered altar of Cheibriados.
  9543 | D:10     | Found the +10 large shield of Ignorance {rN+ Int-4}
  9727 | D:10     | Gained mutation: You are slightly more attuned to the shadows. [demonic ancestry]
  9727 | D:10     | Reached XP level 11. HP: 77/93 MP: 11/11
  9740 | D:10     | Reached * piety under Dithmenos
 10125 | D:11     | Noticed a six-headed hydra
 10135 | D:11     | Killed a ten-headed hydra
 10154 | D:10     | Reached ** piety under Dithmenos
 10320 | D:11     | Noticed an unseen horror
 10326 | D:11     | Killed an unseen horror
 10767 | D:12     | Found Vashiawk's Weapon Emporium.
 10822 | D:12     | Noticed Sonja
 10840 | D:12     | Killed Sonja
 10850 | D:12     | HP: 2/93 [big kobold/whip of freezing (3)]
 10853 | D:12     | Succumbed to Sonja's poison

Vault maps used:
D:1:      minmay_arrival_shattered_statue
D:2:      uniq_terence
D:3:      lemuel_coloured_pillars_altar
D:4:      serial_shops, kennysheep_mini, nicolae_shop_crystal,
          kennysheep_mini_moat, minmay_divided_ellipse
D:5:      first_ration, uniq_ijyb
D:6:      lightli_minifort, uniq_grinder
D:7:      nicolae_overflow_crystal_walls, minmay_temple_entry_water_ring,
          uniq_duvessa
D:8:      good_gods_temple_1, lair_entry_dummy, blue_anna_alchemist,
          minmay_misc_feat_square, uniq_prince_ribbit1, uniq_erica
D:9:      marbit_many_paths, uniq_pikel, uniq_maurice
D:10:     basic_altar, grunt_ministairs_4
D:11:     grunt_ministairs_9
D:12:     orc_0_dummy, serial_shops, shop, shop, doesnt_xom_only_xom, uniq_sonja
Temple:   regret_index_temple_sphere_string

Skill      XL: |  1  2  3  4  5  6  7  8  9 10 11 |
---------------+----------------------------------+-----
Long Blades    | 3 4 5 6 8 |  8.0
Fighting       | 3 4 5 6 8 9 |  9.4
Armour         | 1 4 7 9 |  9.1
Dodging        | 3 5 8 9 |  9.6
Throwing       | |  1.7

Action                   |  1- 3 |  4- 6 |  7- 9 | 10-12 || total
-------------------------+-------+-------+-------+-------++-------
Melee: Long sword        |   118 |   193 |   273 |       ||   584
       Headbutt          |       |       |    15 |       ||    15
       Great sword       |       |       |    97 |   260 ||   357
Throw: Throwing net      |       |     1 |     2 |       ||     3
Evoke: Wand              |       |       |     2 |     1 ||     3
  Use: Potion            |       |       |    15 |     4 ||    19
       Scroll            |       |       |       |     2 ||     2
 Stab: Sleeping          |     1 |       |       |       ||     1
       Distracted        |       |       |     2 |       ||     2
       Held in net/web   |       |       |     1 |       ||     1
  Eat: Chunk             |     1 |     7 |    13 |     7 ||    28
       Ration            |       |       |     2 |     2 ||     4
Armor: Leather armour    |     9 |       |       |       ||     9
       Ring mail         |    64 |    65 |   149 |   133 ||   411
       Skin              |       |       |       |     3 ||     3
Dodge: Dodged            |    98 |   136 |   268 |   340 ||   842
       Rpst.: Long sword |    27 |    39 |    57 |       ||   123
       Great sword       |       |       |    25 |    97 ||   122

Table legend:
 A = Spawn XP
 B = Non-spawn XP
 C = Spawn XP percentage of total XP
 D = Spawn monster count
 E = Non-spawn monster count
 F = Spawn count percentage of total count
 G = Total turns spent on level
                    A         B        C        D         E        F      G
               +---------+---------+-------+---------+---------+-------+---------
         Total |       0 |   17162 |   0.0 |       0 |     304 |   0.0 | 10853
               +---------+---------+-------+---------+---------+-------+---------
           D:1 |       0 |      53 |   0.0 |       0 |      31 |   0.0 |  1006
           D:2 |       0 |     129 |   0.0 |       0 |      27 |   0.0 |   924
           D:3 |       0 |      78 |   0.0 |       0 |      18 |   0.0 |   477
           D:4 |       0 |     788 |   0.0 |       0 |      35 |   0.0 |  1692
           D:5 |       0 |     492 |   0.0 |       0 |      22 |   0.0 |   685
           D:6 |       0 |    1408 |   0.0 |       0 |      30 |   0.0 |  1556
           D:7 |       0 |     750 |   0.0 |       0 |      18 |   0.0 |  1027
           D:8 |       0 |    2855 |   0.0 |       0 |      33 |   0.0 |  1110
           D:9 |       0 |    3195 |   0.0 |       0 |      23 |   0.0 |   870
          D:10 |       0 |    2941 |   0.0 |       0 |      39 |   0.0 |   596
          D:11 |       0 |    3420 |   0.0 |       0 |      25 |   0.0 |   654
          D:12 |       0 |    1053 |   0.0 |       0 |       3 |   0.0 |    93
               +---------+---------+-------+---------+---------+-------+---------
